 Dungeon Crawl Stone Soup version 0.21.1-1-g345015fe64 (webtiles) character file.

67 JarielCorvus the Magician (level 4, 0/24 HPs)
             Began as a Deep Elf Fire Elementalist on July 5, 2018.
             Slain by Grinder (1 damage)
             ... on level 3 of the Dungeon.
             The game lasted 00:06:58 (2303 turns).

JarielCorvus the Magician (DEFE)                    Turns: 2303, Time: 00:06:58

Health: 0/24       AC:  3    Str:  5    XL:     4   Next: 0%
Magic:  1/12       EV: 13    Int: 21    God:
Gold:   168        SH:  0    Dex: 15    Spells: 3/12 levels left

rFire    . . .     SeeInvis .   d - +0 short sword
rCold    . . .     Gourm    .   (no shield)
rNeg     . . .     Faith    .   a - +1 robe
rPois    .         Spirit   .   (no helmet)
rElec    .         Reflect  .   (no cloak)
rCorr    .         Harm     .   (no gloves)
MR       .....                  (no boots)
Stlth    ++........             (no amulet)
HPRegen  0.08/turn              (no ring)
MPRegen  0.13/turn              (no ring)

@: no status effects
A: no striking features
a: no special abilities


You were on level 3 of the Dungeon.
You were not hungry.

You visited 1 branch of the dungeon, and saw 3 of its levels.

You collected 168 gold pieces.

Inventory:

Hand Weapons
 d - a +0 short sword (weapon)
 o - a +0 hunting sling
 p - a +0 club
Missiles
 g - 105 stones (quivered)
Armour
 a - a +1 robe (worn)
Jewellery
 l - an uncursed ring of protection from cold {unknown}
 m - an uncursed ring of protection from fire {unknown}
Scrolls
 h - 2 scrolls of teleportation
Potions
 e - a potion of might
 f - 3 potions of heal wounds {unknown}
 i - a potion of degeneration {unknown}
 j - 2 potions of brilliance {unknown}
 n - a potion of flight {unknown}
Books
 b - a book of Flames

   Spells                             Type                      Level
   a - Flame Tongue                   Conjuration/Fire             1
   b - Throw Flame                    Conjuration/Fire             2
   c - Conjure Flame                  Conjuration/Fire             3
   d - Inner Flame                    Hexes/Fire                   3
   e - Sticky Flame                   Conjuration/Fire             4
   f - Fireball                       Conjuration/Fire             5
Comestibles
 c - 8 rations


   Skills:
 - Level 2.4 Dodging
 - Level 2.4 Stealth
 * Level 4.7 Spellcasting
 + Level 2.2 Conjurations
 + Level 3.9 Fire Magic


You had 3 spell levels left.
You knew the following spells:

 Your Spells              Type           Power        Failure   Level  Hunger
a - Flame Tongue          Conj/Fire      ###..        3%          1    None
b - Throw Flame           Conj/Fire      ###...       4%          2    None
c - Conjure Flame         Conj/Fire      ###.....     10%         3    ##.....
d - Inner Flame           Hex/Fire       ##......     16%         3    ##.....


Dungeon Overview and Level Annotations

Branches:
Dungeon (3/15)

Altars:

Annotations:
D:3 Grinder


Message History

The flame tongue misses Grinder.
The goblin misses you. Grinder gestures at you.
You barely resist.
Casting: Flame Tongue
Confirm with . or Enter, or press ? or * to list all spells.
You don't have enough magic to cast that spell.
Unknown command.
You barely miss Grinder.
Grinder is almost dead.
The goblin hits you but does no damage. Grinder hits you!
You writhe in agony.
A goblin comes into view.
You closely miss Grinder.
Grinder is almost dead.
Grinder misses you.
You hit Grinder.
Grinder is almost dead.
The goblin misses you. Grinder hits you!
* * * LOW HITPOINT WARNING * * *
You writhe in agony.
You die...

### .. #.#
#.. #.##
#..# # ##.#
...)###.####
#....g@.?#
#####g5#.#
......#
####.### #..
####


You could see Grinder and 2 goblins.

Vanquished Creatures
  An adder (D:2)
  A worm (D:2)
  A dart slug (D:1)
  A leopard gecko (D:2)
  5 bats
  2 giant cockroaches (D:1)
  8 goblins
  7 hobgoblins
  4 jackals (D:1)
  5 kobolds
  A ball python (D:2)
  8 frilled lizards
  8 rats
52 creatures vanquished.

Notes
Turn   | Place    | Note
-------+----------+-------------------------------------------
     0 | D:1      | JarielCorvus the Deep Elf Fire Elementalist began the quest for the Orb.
     0 | D:1      | Reached XP level 1. HP: 10/10 MP: 6/6
   397 | D:1      | Reached XP level 2. HP: 15/15 MP: 5/8
   410 | D:1      | Learned a level 2 spell: Throw Flame
   820 | D:1      | Reached skill level 4 in Spellcasting
  1014 | D:1      | Reached XP level 3. HP: 19/19 MP: 3/10
  1042 | D:1      | Learned a level 3 spell: Conjure Flame
  1046 | D:1      | Learned a level 3 spell: Inner Flame
  2285 | D:3      | Noticed Grinder
  2289 | D:3      | Paralysed by Grinder for 4 turns
  2299 | D:3      | Reached XP level 4. HP: 19/24 MP: 1/12
  2303 | D:3      | HP: 1/24 [Grinder (9)]
  2303 | D:3      | Slain by Grinder

Skill      XL: |  1  2  3 |
---------------+----------+-----
Spellcasting   | 4 |  4.7
Conjurations   | 2 |  2.2
Dodging        | |  2.4
Stealth        | |  2.4
Fire Magic     | |  3.9

Action                   |  1- 3 |  4- 6 || total
-------------------------+-------+-------++-------
Melee: Unarmed           |    37 |       ||    37
       Short sword       |     2 |     3 ||     5
 Cast: Flame Tongue      |    82 |     2 ||    84
       Throw Flame       |    21 |       ||    21
  Use: Scroll            |     8 |       ||     8
  Eat: Chunk             |     5 |       ||     5
Armor: Robe              |     5 |     1 ||     6
Dodge: Dodged            |    33 |     3 ||    36
